 Dungeon Sprint DCSS version 0.17.0-24-gcfadda4 (webtiles) character file.

97981 Kidiri the Executioner (level 16, -2/180 HPs)
             Began as a Naga Fighter on Nov 17, 2015.
             Was the Champion of Jiyva.
             Killed by a malign offering
             ... invoked by a deep elf high priest
              (6 damage)
             ... while paralysed
             ... in the Dungeon (Sprint V: "Ziggurat Sprint").
             The game lasted 00:27:13 (1663 turns).

Kidiri the Executioner (Naga Fighter)               Turns: 1663, Time: 00:27:13

Health: -2/180     AC: 38    Str: 41    XL:     16   Next: 21%
Magic:  24/24      EV:  1    Int: 10    God:    Jiyva [******]
Gold:   0          SH:  0    Dex: 16    Spells: 0 memorised, 15 levels left

rFire  + + .     SeeInvis +     M - +14 obsidian axe {chop, +Fly Str+3 SInv *Curse}
rCold  + . .     Clarity  +     N - +15 Maxwell's patent armour {-Cast -Tele rElec MR+ rCorr}
rNeg   + + .     SustAt   .     O - +18 shield of the gong {rElec rN+ MR+ EV-5}
rPois  +         Gourm    .     (helmet restricted)
rElec  +         Spirit   .     (no cloak)
rCorr  +         Warding  +     b - +2 pair of gloves {Str+3}
rMut   .         NoTele   +     (no barding)
MR     +++++     NoCast   +     o - amulet "Taker" {Ward -Tele *Corrode rN+ Str+10 Slay+3}
Stlth  +++++++...               J - ring "Tedirghext" {rPois rF+ Str+2}
                                x - ring "Fifutid" {rF+ Str+4 Stlth+}

@: paralysed, exhausted, mesmerised, slowed, very slow, almost entirely
resistant to hostile enchantments, extremely stealthy
A: beak, stinger 1, molten scales 1, see invisible, blink, clarity, cold
resistance 1, deformed body, magic resistance 1, poison resistance, slowness 2,
slow metabolism 1, spit poison 2, eyeballs 3, pseudopods 1, translucent skin 3,
jelly absorbing missiles, constrict 1, AC +5
a: Spit Poison, Blink, Request Jelly, Jelly Paralyse, Slimify, Cure Bad
Mutation, Renounce Religion, Evoke Flight


You were in the Dungeon.
You worshipped Jiyva.
Jiyva was exalted by your worship.
You were completely stuffed.

You visited 1 branch

Inventory:

Hand Weapons
 M - the +14 obsidian axe (weapon) {chop, +Fly Str+3 SInv *Curse}
   (You found it in the Dungeon)

   It inflicts extra damage upon your enemies.
   It affects your strength (+3).
   It lets you see invisible.
   It lets you fly.
   It may re-curse itself when equipped.
Missiles
 z - 14 poisoned javelins (quivered)
 A - 24 javelins
Armour
 b - a +2 pair of gloves of strength (worn)
 N - the +15 Maxwell's patent armour (worn) {-Cast -Tele rElec MR+ rCorr}
   (You found it in the Dungeon)

   It insulates you from electricity.
   It affects your resistance to hostile enchantments.
   It prevents spellcasting.
   It prevents most forms of teleportation.
   It protects you from acid and corrosion.
 O - the +18 shield of the gong (worn) {rElec rN+ MR+ EV-5}
   (You found it in the Dungeon)

   It affects your evasion (-5).
   It insulates you from electricity.
   It protects you from negative energy.
   It affects your resistance to hostile enchantments.
Jewellery
 a - an uncursed ring of ice
 g - the ring "Rinno" {rF+ rC+ rN+}
   (You found it in the Dungeon)

   [ring of protection from cold]

   It protects you from fire.
   It protects you from cold.
   It protects you from negative energy.
 o - the amulet "Taker" (around neck) {Ward -Tele *Corrode rN+ Str+10 Slay+3}
   (You found it in the Dungeon)

   [amulet of warding]

   It may prevent the melee attacks of summoned creatures.
   It affects your strength (+10).
   It affects your accuracy and damage with ranged weapons and melee attacks
   (+3).
   It protects you from negative energy.
   It prevents most forms of teleportation.
   It may corrode your equipment when you take damage.
 x - the ring "Fifutid" (left hand) {rF+ Str+4 Stlth+}
   (You took it off a naga in the Dungeon)

   [ring of protection from fire]

   It affects your strength (+4).
   It protects you from fire.
   It makes you more stealthy.
 B - an uncursed ring of fire
 J - the ring "Tedirghext" (right hand) {rPois rF+ Str+2}
   (You found it in the Dungeon)

   [ring of poison resistance]

   It affects your strength (+2).
   It protects you from fire.
   It protects you from poison.
Wands
 c - a wand of heal wounds (0)
 F - a wand of disintegration (7)
 G - a wand of fire (5)
 H - a wand of cold (5)
 I - a wand of draining (5)
 K - a wand of heal wounds (4)
Scrolls
 k - 4 scrolls of blinking
 q - 4 scrolls of amnesia
 r - 3 scrolls of recharging
 s - 7 scrolls of fog
 t - a scroll of holy word
 u - 5 scrolls of identify
 v - 4 scrolls of remove curse
 w - 2 scrolls of fear
 y - 2 scrolls of brand weapon
Potions
 d - 6 potions of might
 f - 9 potions of curing
 h - 6 potions of haste
 i - 7 potions of magic
 j - 2 potions of berserk rage
 l - 2 potions of brilliance
 m - 2 potions of invisibility
 n - 4 potions of resistance
 p - 6 potions of agility


   Skills:
 * Level 20.5 Fighting
 * Level 23.1 Axes
 * Level 17.8 Armour
 + Level 13.1 Dodging
 + Level 20.9 Stealth
 * Level 17.7 Shields
 + Level 11.0 Evocations


You had 15 spell levels left.
You didn't know any spells.

Dungeon Overview and Level Annotations

Branches:
Dungeon (1/1)

Altars:
Ashenzari
Cheibriados
Dithmenos
Elyvilon
Fedhas
Gozag
Kikubaaqudgha
Makhleb
Nemelex Xobeh
Okawaru
Qazlal
Ru
Sif Muna
Trog
Vehumet
Xom
Yredelemnul
Zin
The Shining One
Beogh
Jiyva
Lugonu


Innate Abilities, Weirdness & Mutations

You cannot wear boots.
Your serpentine skin is tough (AC +5).
You have supernaturally acute eyesight.
Armour fits poorly on your strangely shaped body.
Your system is resistant to poisons.
You cover ground very slowly.
You have a slow metabolism.
You can spit poison.
You can use your snake-like lower body to constrict enemies.
You have a beak for a mouth.
Your tail ends in a poisonous barb.
You are partially covered in molten scales (AC +1).
You can translocate small distances at will.
You possess an exceptional clarity of mind.
Your flesh is cold resistant.
You are resistant to hostile enchantments.
Your body is completely covered in golden eyeballs (Acc +7, SInv).
Armour fits poorly on your pseudopods.
Your skin is entirely transparent (Stealth, -foe acc).
You have a small jelly attached to you that may absorb incoming projectiles.


Message History

Visions of slaying the deep elf high priest flood into your mind.
The deep elf high priest calls down the wrath of its god upon you.
Something smites you!
* * * LOW HITPOINT WARNING * * *
The ufetubus's attack is warded away.
The ufetubus barely misses you.
Two crawling corpses merge to form a small abomination.
The deep elf sorcerer hits the deep elf annihilator with a long sword.
The ice devil's attack is warded away.
The deep elf annihilator casts a spell.
The deep elf annihilator blinks!
The deep elf high priest prays to its god.
The deep elf sorcerer hits the ice devil with a long sword!!
The deep elf annihilator picks up a scroll of brand weapon.
The ice devil hits you.
* * * LOW HITPOINT WARNING * * *
The ice devil freezes you! You resist.
* * * LOW HITPOINT WARNING * * *
The deep elf high priest utters a dark prayer and points at you.
Your life force is offered up.
You die...

▓▓▓▓▓▓▓▓▓▓▓▓▓▓▓▓▓▓..▓.▓.
.......8©8..... ▓...▓..
...):[|..).[)}. ▓.....(
...:.:.=:.}::|., ▓......
▓...}:))?"))|:). ▓▓▓▓▓▓▓
▓.......4..4.... ,▓......
▓....e3ee....e... ▓...:.J
▓...§.eeee....... ▓..[...
▓....553@xe...... ▓.....J
▓......x5X....... ▓....J.
▓......5()e...... ▓...J..
▓......(......... ▓...J.J
▓................ ▓......
▓................,▓......
▓...▓.........▓.. ▓......
▓..▓▓▓.......▓▓ ▓...▓..
▓...▓.........▓.. ▓..▓▓▓.


You could see 5 deep elf annihilators, a deep elf sorcerer (berserk), an ice
devil, an orange demon, a deep elf knight (invisible), 2 deep elf high priests,
a large abomination, a rust devil, a ynoxinul, a deep elf fighter, a small
abomination and 4 ufetubi.

Vanquished Creatures
  3 deep elf blademasters (D)
  5 deep elf master archers (D)
  5 frost giants (D)
  5 deep elf sorcerers (D)
  4 orc warlords (D)
  A spriggan defender (D)
  9 stone giants (D)
  A vampire knight (D)
  2 dire elephants (D)
  3 deep elf annihilators (D)
  3 blizzard demons (D)
  3 merfolk javelineers (D)
  2 mummy priests (D)
  2 deep elf high priests (D)
  2 yaktaur captains (D)
  2 spriggan air magi (D)
  7 ice dragons (D)
  An anaconda (D)
  A centaur warrior (D)
  4 vampire magi (D)
  A satyr (D)
  2 orc high priests (D)
  A hell hog (D)
  A small abomination (D)
  3 spriggan berserkers (D)
  A deep elf knight (D)
  A large abomination (D)
  5 soul eaters (D)
  A skeletal warrior (D)
  An ice devil (D)
  2 death drakes (D)
  A spriggan druid (D)
  An anubis guard (D)
  2 deep elf conjurers (D)
  An orc knight (D)
  2 orc sorcerers (D)
  A wolf spider (D)
  A moth of wrath (D)
  2 fauns (D)
  A naga mage (D)
  2 ugly things (D)
  3 draconians (D)
  3 black mambas (D)
  3 guardian serpents (D)
  3 dryads (D)
  2 yaktaurs (D)
  A deep elf priest (D)
  4 freezing wraiths (D)
  A troll (D)
  2 wind drakes (D)
  7 polar bears (D)
  2 ushabtiu (D)
  A redback (D)
  A spriggan (D)
  2 shadows (D)
  A deep elf mage (D)
  A flying skull (D)
  A spriggan (shapeshifter) (D)
  A wyvern (D)
  2 deep elf fighters (D)
  A steam dragon (D)
  A yak (D)
  A soldier ant (shapeshifter) (D)
  2 nagas (D)
  A neqoxec (D)
  A mottled dragon (D)
  2 hell hounds (D)
  A swamp drake (D)
  2 water moccasins (D)
  6 orc warriors (D)
  5 centaurs (D)
  2 ice beasts (D)
  4 ogres (D)
  4 necrophages (D)
  A wasp (D)
  A wight (D)
  2 crimson imps (D)
  3 orc priests (D)
  3 iron imps (D)
  An orc wizard (D)
  2 mummies (D)
  2 adders (D)
  5 white imps (D)
  3 adder zombies (D)
  4 adder skeletons (D)
  2 adder simulacra (D)
  9 orcs (D)
  2 spectral bats (D)
  3 bat zombies (D)
  4 ball pythons (D)
  A bat simulacrum (D)
  A giant cockroach zombie (D)
  2 giant gecko zombies (D)
  2 quokka skeletons (D)
  2 spectral giant cockroaches (D)
227 creatures vanquished.

Vanquished Creatures (collateral kills)
  A shadow dragon (D)
  A ghoul (D)
  A blizzard demon (D)
  2 merfolk javelineers (D)
  2 ice dragons (D)
  A vampire mage (D)
  A soul eater (D)
  A spriggan (D)
  A deep elf summoner (D)
  2 ugly things (D)
  A yaktaur (D)
  A wyvern (D)
  A steam dragon (D)
  A warg (D)
  A phantom (D)
  A wasp (D)
  A centaur (D)
  A mummy (D)
  2 adder skeletons (D)
  An adder simulacrum (D)
  A ball python (D)
25 creatures vanquished.

Vanquished Creatures (others)
  2 death oozes (D)
  A deep elf knight (D)
  A swamp dragon (D)
  2 slime creatures (D)
  19 jellies (D)
  2 orcs (D)
  A jackal zombie (D)
  A fire vortex (D)
29 creatures vanquished.

Grand Total: 281 creatures vanquished

Notes
Turn   | Place    | Note
--------------------------------------------------------------
     0 | D        | Kidiri the Naga Fighter began the quest for the Orb.
     0 | D        | Reached XP level 1. HP: 21/21 MP: 1/1
     0 | D        | Found a roughly hewn altar of Beogh.
     0 | D        | Found a viscous altar of Jiyva.
     0 | D        | Found a corrupted altar of Lugonu.
     0 | D        | Found a white marble altar of Elyvilon.
     0 | D        | Found a sparkling altar of Nemelex Xobeh.
     1 | D        | Found a burning altar of Makhleb.
     1 | D        | Found an iron altar of Okawaru.
     1 | D        | Found a deep blue altar of Sif Muna.
     1 | D        | Found a radiant altar of Vehumet.
     1 | D        | Found a bloodstained altar of Trog.
     1 | D        | Found a shimmering altar of Xom.
    89 | D        | Became a worshipper of Jiyva Jacwieng the Shapeless
    92 | D        | Reached * piety under Jiyva
    92 | D        | Reached ** piety under Jiyva
    94 | D        | Reached *** piety under Jiyva
    97 | D        | Gained mutation: Your tail ends in a poisonous barb. [Jiyva's grace]
   102 | D        | Reached **** piety under Jiyva
   109 | D        | Reached skill level 4 in Fighting
   109 | D        | Reached skill level 1 in Dodging
   109 | D        | Reached XP level 2. HP: 27/31 MP: 2/2
   109 | D        | Reached ***** piety under Jiyva
   109 | D        | Lost mutation: Your tail ends in a poisonous barb. [Jiyva's grace]
   109 | D        | Gained mutation: You can exhale a cloud of poison. [Jiyva's grace]
   109 | D        | Reached ****** piety under Jiyva
   109 | D        | Lost mutation: You can exhale a cloud of poison. [Jiyva's grace]
   110 | D        | Gained mutation: Your magical capacity is low (-10% MP). [Jiyva's grace]
   110 | D        | Lost mutation: Your magical capacity is low (-10% MP). [Jiyva's grace]
   110 | D        | Gained mutation: You have acidic saliva. [Jiyva's grace]
   110 | D        | Gained mutation: You can exhale a cloud of poison. [Jiyva's grace]
   111 | D        | Lost mutation: You have acidic saliva. [Jiyva's grace]
   112 | D        | Gained mutation: You are agile. (Dex +2) [Jiyva's grace]
   113 | D        | Lost mutation: You can exhale a cloud of poison. [Jiyva's grace]
   113 | D        | Gained mutation: You can exhale a cloud of poison. [Jiyva's grace]
   113 | D        | Gained mutation: You have a somewhat thin skeletal structure (Dex +2, Stealth). [Jiyva's grace]
   115 | D        | Lost mutation: You can exhale a cloud of poison. [Jiyva's grace]
   115 | D        | Gained mutation: Your body is partially covered in golden eyeballs (Acc +3). [Jiyva's grace]
   115 | D        | Gained mutation: You have a small jelly attached to you that may absorb incoming projectiles. [Jiyva's grace]
   115 | D        | Gained mutation: You are frail (-10% HP). [Jiyva's grace]
   115 | D        | Gained mutation: You evolve. [Jiyva's grace]
   115 | D        | Lost mutation: You are agile. (Dex +2) [Jiyva's grace]
   115 | D        | Gained mutation: You have a pair of small horns on your head. [Jiyva's grace]
   115 | D        | Gained mutation: You have an increased reservoir of magic (+10% MP). [Jiyva's grace]
   116 | D        | Lost mutation: You evolve. [Jiyva's grace]
   116 | D        | Gained mutation: You possess an exceptional clarity of mind. [Jiyva's grace]
   117 | D        | Entered arena 1.
   117 | D        | Noticed an ogre
   117 | D        | Noticed an ogre
   117 | D        | Gained mutation: You are clumsy. (Dex -2) [Jiyva's grace]
   118 | D        | Lost mutation: You are frail (-10% HP). [Jiyva's grace]
   118 | D        | Gained mutation: You are partially covered in slimy green scales (AC +2). [Jiyva's grace]
   118 | D        | Lost mutation: You are clumsy. (Dex -2) [Jiyva's grace]
   118 | D        | Gained mutation: Armour fits poorly on your pseudopods. [Jiyva's grace]
   118 | D        | Gained mutation: Your rubbery body absorbs attacks (AC +1). [Jiyva's grace]
   118 | D        | Lost mutation: You have an increased reservoir of magic (+10% MP). [Jiyva's grace]
   118 | D        | Gained mutation: You can translocate small distances at will. [Jiyva's grace]
   118 | D        | Gained mutation: Armour fits poorly on your large pseudopods. [Jiyva's grace]
   118 | D        | Gained mutation: Armour fits poorly on your massive pseudopods. [Jiyva's grace]
   119 | D        | Killed an ogre
   119 | D        | Reached skill level 5 in Fighting
   119 | D        | Reached skill level 5 in Axes
   119 | D        | Reached XP level 3. HP: 37/39 MP: 3/3
   119 | D        | Reached XP level 4. HP: 43/46 MP: 4/4
   119 | D        | Killed an ogre
   119 | D        | Reached skill level 6 in Fighting
   119 | D        | Reached skill level 5 in Armour
   119 | D        | Reached skill level 5 in Shields
   119 | D        | Reached XP level 5. HP: 49/56 MP: 5/5
   119 | D        | Lost mutation: You have a somewhat thin skeletal structure (Dex +2, Stealth). [Jiyva's grace]
   119 | D        | Lost mutation: You have a pair of small horns on your head. [Jiyva's grace]
   123 | D        | Gained mutation: You are surrounded by a mild repulsion field (EV +2). [Jiyva's grace]
   128 | D        | Lost mutation: You can translocate small distances at will. [Jiyva's grace]
   129 | D        | Entered arena 2.
   129 | D        | Noticed a draconian
   129 | D        | Noticed a draconian
   129 | D        | Noticed a draconian
   132 | D        | Gained mutation: Your body is mostly covered in golden eyeballs (Acc +5). [Jiyva's grace]
   135 | D        | Lost mutation: Your body is mostly covered in golden eyeballs (Acc +5). [Jiyva's grace]
   137 | D        | Killed a draconian
   137 | D        | Reached skill level 7 in Fighting
   137 | D        | Reached XP level 6. HP: 58/67 MP: 6/6
   137 | D        | Reached XP level 7. HP: 63/73 MP: 7/7
   138 | D        | Killed a draconian
   138 | D        | Reached skill level 8 in Fighting
   138 | D        | Reached XP level 8. HP: 78/84 MP: 8/8
   139 | D        | Killed a draconian
   139 | D        | Reached skill level 9 in Fighting
   139 | D        | Reached skill level 5 in Dodging
   139 | D        | Gained mutation: Your flesh is heat resistant. [Jiyva's grace]
   143 | D        | Lost mutation: You possess an exceptional clarity of mind. [Jiyva's grace]
   146 | D        | Lost mutation: Your flesh is heat resistant. [Jiyva's grace]
   152 | D        | Gained mutation: You are resistant to hostile enchantments. [Jiyva's grace]
   157 | D        | Lost mutation: Armour fits poorly on your massive pseudopods. [Jiyva's grace]
   158 | D        | Gained mutation: Your spells are a little harder to cast, but a little more powerful. [Jiyva's grace]
   160 | D        | Entered arena 3.
   160 | D        | Noticed a hell hog
   160 | D        | Noticed a hell hound
   160 | D        | Noticed a hell hound
   160 | D        | Lost mutation: Armour fits poorly on your large pseudopods. [Jiyva's grace]
   162 | D        | Killed a hell hound
   163 | D        | Lost mutation: You have a small jelly attached to you that may absorb incoming projectiles. [Jiyva's grace]
   164 | D        | Killed a hell hound
   165 | D        | Killed a hell hog
   165 | D        | Reached skill level 10 in Fighting
   165 | D        | Reached skill level 10 in Axes
   165 | D        | Reached XP level 9. HP: 87/93 MP: 9/9
   169 | D        | Lost mutation: Your rubbery body absorbs attacks (AC +1). [Jiyva's grace]
   172 | D        | Lost mutation: You are surrounded by a mild repulsion field (EV +2). [Jiyva's grace]
   173 | D        | Got the ring "Tedirghext" {rPois rF+ Str+2}
   177 | D        | Gained mutation: Your rubbery body absorbs attacks (AC +1). [Jiyva's grace]
   180 | D        | Gained mutation: Your body is mostly covered in golden eyeballs (Acc +5). [Jiyva's grace]
   184 | D        | Lost mutation: Armour fits poorly on your pseudopods. [Jiyva's grace]
   186 | D        | Lost mutation: Your spells are a little harder to cast, but a little more powerful. [Jiyva's grace]
   188 | D        | Entered arena 4.
   188 | D        | Noticed a deep elf summoner
   188 | D        | Noticed a deep elf fighter
   188 | D        | Noticed a deep elf conjurer
   188 | D        | Noticed a deep elf summoner
   189 | D        | Noticed a demonic crawler
   190 | D        | Noticed a demonic crawler
   190 | D        | Gained mutation: Your body sometimes deteriorates upon taking damage. [Jiyva's grace]
   191 | D        | Slimified a deep elf summoner
   191 | D        | a deep elf summoner changed into a slime creature
   192 | D        | Noticed a smoke demon
   192 | D        | Lost mutation: Your rubbery body absorbs attacks (AC +1). [Jiyva's grace]
   192 | D        | Gained mutation: You have a pair of small horns on your head. [Jiyva's grace]
   192 | D        | Gained mutation: Your rubbery body absorbs attacks (AC +1). [Jiyva's grace]
   192 | D        | Gained mutation: Your pliable body absorbs attacks (AC +1, EV +1). [Jiyva's grace]
   192 | D        | Gained mutation: Your skin is partially translucent (Stealth, -foe acc). [Jiyva's grace]
   192 | D        | Gained mutation: You are weak. (Str -2) [Jiyva's grace]
   192 | D        | Lost mutation: Your body is mostly covered in golden eyeballs (Acc +5). [Jiyva's grace]
   192 | D        | Lost mutation: You are resistant to hostile enchantments. [Jiyva's grace]
   192 | D        | Gained mutation: You are partially covered in molten scales (AC +1). [Jiyva's grace]
   194 | D        | Gained mutation: You are frail (-10% HP). [Jiyva's grace]
   195 | D        | Killed a deep elf conjurer
   195 | D        | Lost mutation: Your body sometimes deteriorates upon taking damage. [Jiyva's grace]
   196 | D        | Killed a deep elf fighter
   199 | D        | Killed a deep elf summoner
   199 | D        | Lost mutation: You are weak. (Str -2) [Jiyva's grace]
   200 | D        | Gained mutation: You regenerate slowly when monsters are visible. [Jiyva's grace]
   203 | D        | Lost mutation: You are frail (-10% HP). [Jiyva's grace]
   207 | D        | Gained mutation: Your body is mostly covered in golden eyeballs (Acc +5). [Jiyva's grace]
   210 | D        | Entered arena 5.
   210 | D        | Noticed a water moccasin
   210 | D        | Noticed a naga
   211 | D        | Lost mutation: You regenerate slowly when monsters are visible. [Jiyva's grace]
   213 | D        | Killed a water moccasin
   213 | D        | Killed a naga
   213 | D        | Reached skill level 11 in Fighting
   215 | D        | Lost mutation: Your body is mostly covered in golden eyeballs (Acc +5). [Jiyva's grace]
   217 | D        | Gained mutation: Your flesh is heat resistant. [Jiyva's grace]
   217 | D        | Lost mutation: Your skin is partially translucent (Stealth, -foe acc). [Jiyva's grace]
   217 | D        | Gained mutation: You have a beak for a mouth. [Jiyva's grace]
   218 | D        | Gained mutation: Your spells are a little harder to cast, but a little more powerful. [Jiyva's grace]
   221 | D        | Gained mutation: You have a small jelly attached to you that may absorb incoming projectiles. [Jiyva's grace]
   225 | D        | Lost mutation: You are partially covered in slimy green scales (AC +2). [Jiyva's grace]
   228 | D        | Got the ring of Faclaupu {SustAt MR+}
   228 | D        | Lost mutation: You have a small jelly attached to you that may absorb incoming projectiles. [Jiyva's grace]
   233 | D        | Entered arena 6.
   233 | D        | Noticed a white ugly thing
   233 | D        | Noticed a white ugly thing
   233 | D        | Noticed a cyan ugly thing
   233 | D        | Noticed a red ugly thing
   233 | D        | Noticed a neqoxec
   233 | D        | Gained mutation: You have a pair of horns on your head. [Jiyva's grace]
   235 | D        | Gained mutation: You have an increased reservoir of magic (+10% MP). [Jiyva's grace]
   236 | D        | Lost mutation: Your body is partially covered in golden eyeballs (Acc +3). [Jiyva's grace]
   236 | D        | Lost mutation: You have an increased reservoir of magic (+10% MP). [Jiyva's grace]
   237 | D        | Lost mutation: You have a pair of horns on your head. [Jiyva's grace]
   238 | D        | Killed a cyan ugly thing
   238 | D        | Reached XP level 10. HP: 105/105 MP: 10/10
   239 | D        | Gained mutation: You have sharp fingernails. [Jiyva's grace]
   240 | D        | Killed a red ugly thing
   242 | D        | Killed a white ugly thing
   242 | D        | Reached skill level 10 in Armour
   242 | D        | Reached skill level 10 in Shields
   243 | D        | Killed a neqoxec
   243 | D        | Gained mutation: Your tail ends in a poisonous barb. [Jiyva's grace]
   244 | D        | Killed a white ugly thing
   249 | D        | Gained mutation: Armour fits poorly on your pseudopods. [Jiyva's grace]
   251 | D        | Got the amulet "Taker" {Ward -Tele *Corrode rN+ Str+10 Slay+3}
   257 | D        | Gained mutation: You are covered in fur (AC +1). [Jiyva's grace]
   264 | D        | Gained mutation: You have acidic saliva. [Jiyva's grace]
   267 | D        | Gained mutation: You are resistant to hostile enchantments. [Jiyva's grace]
   267 | D        | Lost mutation: You are resistant to hostile enchantments. [Jiyva's grace]
   267 | D        | Gained mutation: You have a pair of horns on your head. [Jiyva's grace]
   267 | D        | Lost mutation: You have a pair of horns on your head. [Jiyva's grace]
   277 | D        | Lost mutation: You are covered in fur (AC +1). [Jiyva's grace]
   279 | D        | Lost mutation: Your spells are a little harder to cast, but a little more powerful. [Jiyva's grace]
   280 | D        | Entered arena 7.
   280 | D        | Noticed a necrophage
   280 | D        | Noticed a phantom
   280 | D        | Noticed a wight
   281 | D        | Lost mutation: You are partially covered in molten scales (AC +1). [Jiyva's grace]
   284 | D        | Killed a wight
   284 | D        | Killed a necrophage
   284 | D        | Lost mutation: Your flesh is heat resistant. [Jiyva's grace]
   285 | D        | Gained mutation: You have a somewhat thin skeletal structure (Dex +2, Stealth). [Jiyva's grace]
   288 | D        | Gained mutation: You have a small jelly attached to you that may absorb incoming projectiles. [Jiyva's grace]
   289 | D        | Killed a phantom
   291 | D        | Lost mutation: Your tail ends in a poisonous barb. [Jiyva's grace]
   299 | D        | Gained mutation: You regenerate slowly when monsters are visible. [Jiyva's grace]
   305 | D        | Entered arena 8.
   305 | D        | Noticed an iron imp
   305 | D        | Noticed an iron imp
   305 | D        | Noticed an iron imp
   305 | D        | Noticed a crimson imp
   305 | D        | Noticed a crimson imp
   305 | D        | Gained mutation: Your mind is acute. (Int +2) [Jiyva's grace]
   307 | D        | Lost mutation: You have a small jelly attached to you that may absorb incoming projectiles. [Jiyva's grace]
   308 | D        | Lost mutation: You have acidic saliva. [Jiyva's grace]
   309 | D        | Killed an iron imp
   310 | D        | Killed an iron imp
   310 | D        | Killed an iron imp
   310 | D        | Lost mutation: Your pliable body absorbs attacks (AC +1, EV +1). [Jiyva's grace]
   312 | D        | Killed a crimson imp
   314 | D        | Gained mutation: Armour fits poorly on your large pseudopods. [Jiyva's grace]
   315 | D        | Lost mutation: You have a pair of small horns on your head. [Jiyva's grace]
   317 | D        | Killed a crimson imp
   322 | D        | Gained mutation: You occasionally shout uncontrollably at your foes. [Jiyva's grace]
   324 | D        | Lost mutation: You occasionally shout uncontrollably at your foes. [Jiyva's power]
   326 | D        | Lost mutation: You regenerate slowly when monsters are visible. [Jiyva's power]
   331 | D        | Got the amulet of Royalty {Inacc rPois}
   336 | D        | Gained mutation: You are robust (+10% HP). [Jiyva's grace]
   339 | D        | Entered arena 9.
   339 | D        | Noticed an orc wizard
   339 | D        | Noticed an orc priest
   339 | D        | Noticed an orc warrior
   339 | D        | Noticed an orc priest
   339 | D        | Noticed an orc warrior
   339 | D        | Noticed an orc warrior
   339 | D        | Noticed an orc warrior
   341 | D        | Lost mutation: You have a somewhat thin skeletal structure (Dex +2, Stealth). [Jiyva's grace]
   341 | D        | Gained mutation: Your spells are a little harder to cast, but a little more powerful. [Jiyva's grace]
   342 | D        | Killed an orc warrior
   342 | D        | Reached skill level 12 in Fighting
   342 | D        | Killed an orc warrior
   343 | D        | Killed an orc wizard
   343 | D        | Gained mutation: You are partially covered in yellow scales (AC +2). [Jiyva's grace]
   344 | D        | Killed an orc warrior
   345 | D        | Killed an orc priest
   346 | D        | Killed an orc priest
   346 | D        | Lost mutation: Your rubbery body absorbs attacks (AC +1). [Jiyva's grace]
   346 | D        | Gained mutation: Armour fits poorly on your massive pseudopods. [Jiyva's grace]
   347 | D        | Killed an orc warrior
   351 | D        | Gained mutation: You are very robust (+20% HP). [Jiyva's grace]
   359 | D        | Gained mutation: You have an increased reservoir of magic (+10% MP). [Jiyva's grace]
   371 | D        | Gained mutation: You have a small jelly attached to you that may absorb incoming projectiles. [Jiyva's grace]
   373 | D        | Lost mutation: You have a small jelly attached to you that may absorb incoming projectiles. [Jiyva's grace]
   374 | D        | Entered arena 10.
   374 | D        | Noticed an eye of devastation
   374 | D        | Noticed a jelly
   374 | D        | Noticed a slime creature
   374 | D        | Noticed a slime creature
   374 | D        | Noticed a golden eye
   374 | D        | Noticed a slime creature
   374 | D        | Noticed a jelly
   374 | D        | Lost mutation: Armour fits poorly on your massive pseudopods. [Jiyva's grace]
   374 | D        | Gained mutation: You have acidic saliva. [Jiyva's grace]
   374 | D        | Lost mutation: You have acidic saliva. [Jiyva's grace]
   374 | D        | Gained mutation: You have a small jelly attached to you that senses nearby items. [Jiyva's grace]
   374 | D        | Gained mutation: Your tail ends in a poisonous barb. [Jiyva's grace]
   374 | D        | Lost mutation: Your tail ends in a poisonous barb. [Jiyva's grace]
   377 | D        | Lost mutation: Your spells are a little harder to cast, but a little more powerful. [Jiyva's grace]
   378 | D        | Gained mutation: You have a small jelly attached to you that may absorb incoming projectiles. [Jiyva's grace]
   381 | D        | Lost mutation: Your mind is acute. (Int +2) [Jiyva's grace]
   383 | D        | Entered arena 11.
   383 | D        | Noticed an ice devil
   383 | D        | Noticed a blizzard demon
   383 | D        | Noticed a polar bear
   383 | D        | Noticed an ice dragon
   383 | D        | Noticed an ice dragon
   384 | D        | Noticed an ice dragon
   384 | D        | Noticed a freezing wraith
   384 | D        | Noticed an ice dragon
   384 | D        | Lost mutation: You have sharp fingernails. [Jiyva's grace]
   388 | D        | Killed an ice devil
   388 | D        | Lost mutation: You are very robust (+20% HP). [Jiyva's grace]
   390 | D        | Killed an ice dragon
   390 | D        | Reached XP level 11. HP: 89/126 MP: 12/12
   390 | D        | Lost mutation: You are robust (+10% HP). [Jiyva's grace]
   391 | D        | Killed a polar bear
   391 | D        | Lost mutation: You are partially covered in yellow scales (AC +2). [Jiyva's grace]
   392 | D        | Killed a blizzard demon
   394 | D        | Killed an ice dragon
   394 | D        | Gained mutation: Your tail ends in a poisonous barb. [Jiyva's grace]
   394 | D        | Gained mutation: You are agile. (Dex +2) [Jiyva's grace]
   394 | D        | Gained mutation: Your rubbery body absorbs attacks (AC +1). [Jiyva's grace]
   394 | D        | Lost mutation: You have a beak for a mouth. [Jiyva's grace]
   394 | D        | Lost mutation: Your tail ends in a poisonous barb. [Jiyva's grace]
   396 | D        | Killed an ice dragon
   396 | D        | Reached skill level 13 in Fighting
   397 | D        | Lost mutation: Your rubbery body absorbs attacks (AC +1). [Jiyva's grace]
   399 | D        | Killed an ice dragon
   399 | D        | Lost mutation: You are agile. (Dex +2) [Jiyva's grace]
   400 | D        | Killed a freezing wraith
   400 | D        | Gained mutation: You are surrounded by a mild repulsion field (EV +2). [Jiyva's grace]
   403 | D        | Lost mutation: Armour fits poorly on your large pseudopods. [Jiyva's grace]
   404 | D        | Gained mutation: Your muscles are strong. (Str +2) [Jiyva's grace]
   404 | D        | Gained mutation: Your rubbery body absorbs attacks (AC +1). [Jiyva's grace]
   404 | D        | Gained mutation: You are agile. (Dex +2) [Jiyva's grace]
   407 | D        | Lost mutation: You have a small jelly attached to you that senses nearby items. [Jiyva's grace]
   408 | D        | Gained mutation: You are partially covered in large bone plates (AC +2, SH +2). [Jiyva's grace]
   414 | D        | Gained mutation: You are somewhat resistant to further mutation. [Jiyva's grace]
   419 | D        | Lost mutation: You are agile. (Dex +2) [Jiyva's grace]
   419 | D        | Lost mutation: You have a small jelly attached to you that may absorb incoming projectiles. [Jiyva's grace]
   419 | D        | Lost mutation: Your muscles are strong. (Str +2) [Jiyva's grace]
   420 | D        | Lost mutation: Armour fits poorly on your pseudopods. [Jiyva's grace]
   425 | D        | Gained mutation: You passively map a small area around you. [Jiyva's grace]
   430 | D        | Got the amulet of Doubts {Inacc Str+4 Dex+5}
   432 | D        | Lost mutation: You are surrounded by a mild repulsion field (EV +2). [Jiyva's grace]
   445 | D        | Entered arena 12.
   445 | D        | Noticed an ice beast
   445 | D        | Noticed a frost giant
   445 | D        | Noticed a frost giant
   445 | D        | Noticed an ice beast
   446 | D        | Noticed a blizzard demon
   446 | D        | Noticed a frost giant
   446 | D        | Noticed a blizzard demon
   446 | D        | Noticed a polar bear
   446 | D        | Lost mutation: You are somewhat resistant to further mutation. [Jiyva's grace]
   449 | D        | Gained mutation: You can exhale a cloud of poison. [Jiyva's grace]
   449 | D        | Lost mutation: You can exhale a cloud of poison. [Jiyva's grace]
   450 | D        | Killed an ice beast
   450 | D        | Lost mutation: Your rubbery body absorbs attacks (AC +1). [Jiyva's grace]
   451 | D        | Gained mutation: You are partially covered in icy blue scales (AC +1). [Jiyva's grace]
   453 | D        | Gained mutation: You can exhale a cloud of poison. [Jiyva's grace]
   454 | D        | Killed a frost giant
   454 | D        | Killed a blizzard demon
   455 | D        | Gained mutation: Armour fits poorly on your pseudopods. [Jiyva's grace]
   458 | D        | Killed a frost giant
   458 | D        | Killed a polar bear
   458 | D        | Killed a blizzard demon
   458 | D        | Reached skill level 14 in Fighting
   458 | D        | Reached XP level 12. HP: 87/128 MP: 13/13
   460 | D        | Killed a frost giant
   460 | D        | Killed an ice beast
   461 | D        | Lost mutation: You passively map a small area around you. [Jiyva's grace]
   466 | D        | Gained mutation: You possess an exceptional clarity of mind. [Jiyva's grace]
   468 | D        | Gained mutation: Your mind is acute. (Int +2) [Jiyva's grace]
   469 | D        | Gained mutation: You are agile. (Dex +2) [Jiyva's grace]
   471 | D        | Lost mutation: You possess an exceptional clarity of mind. [Jiyva's grace]
   472 | D        | Got the amulet "Jygobb" {rC+ Regen+}
   478 | D        | Entered arena 13.
   478 | D        | Gained mutation: Your tail ends in a poisonous barb. [Jiyva's grace]
   479 | D        | Noticed a greater mummy
   479 | D        | Noticed a greater mummy
   479 | D        | Noticed an ushabti
   479 | D        | Noticed an ushabti
   479 | D        | Noticed a mummy priest
   480 | D        | Noticed a flying skull
   480 | D        | Noticed an anubis guard
   480 | D        | Noticed a mummy priest
   480 | D        | Lost mutation: You are agile. (Dex +2) [Jiyva's grace]
   481 | D        | Noticed an emperor scorpion
   481 | D        | Noticed an emperor scorpion
   481 | D        | Gained mutation: You expend magic power (3 MP) to strengthen your wands. [Jiyva's grace]
   484 | D        | Killed a flying skull
   484 | D        | Gained mutation: Your spells are a little harder to cast, but a little more powerful. [Jiyva's grace]
   485 | D        | Noticed an emperor scorpion
   485 | D        | Noticed an emperor scorpion
   485 | D        | Killed an ushabti
   485 | D        | Lost mutation: You can exhale a cloud of poison. [Jiyva's grace]
   485 | D        | Gained mutation: You can exhale a cloud of poison. [Jiyva's grace]
   486 | D        | Noticed a jiangshi
   487 | D        | Noticed an emperor scorpion
   487 | D        | Noticed an emperor scorpion
   487 | D        | Noticed an emperor scorpion
   487 | D        | Gained mutation: You can translocate small distances at will. [Jiyva's grace]
   490 | D        | Lost mutation: Your tail ends in a poisonous barb. [Jiyva's grace]
   493 | D        | Slimified a greater mummy
   493 | D        | Noticed a death ooze
   493 | D        | a greater mummy changed into a death ooze
   493 | D        | Killed a death ooze
   495 | D        | Slimified a greater mummy
   495 | D        | Noticed a death ooze
   495 | D        | a greater mummy changed into a death ooze
   495 | D        | Gained mutation: Your spells are harder to cast, but more powerful. [Jiyva's grace]
   496 | D        | Gained mutation: You have a small jelly attached to you that senses nearby items. [Jiyva's grace]
   497 | D        | Killed a death ooze
   497 | D        | Lost mutation: You can exhale a cloud of poison. [Jiyva's grace]
   499 | D        | Killed a mummy priest
   500 | D        | Lost mutation: Your spells are harder to cast, but more powerful. [Jiyva's grace]
   502 | D        | Killed an ushabti
   503 | D        | Killed an anubis guard
   507 | D        | Gained mutation: Your body is partially covered in golden eyeballs (Acc +3). [Jiyva's grace]
   509 | D        | Gained mutation: You can exhale a cloud of poison. [Jiyva's grace]
   509 | D        | Lost mutation: You have a small jelly attached to you that senses nearby items. [Jiyva's grace]
   510 | D        | Killed a mummy priest
   513 | D        | Lost mutation: You can exhale a cloud of poison. [Jiyva's grace]
   526 | D        | Lost mutation: Your mind is acute. (Int +2) [Jiyva's grace]
   528 | D        | Got the ring "Emideyru" {+Fly rPois}
   537 | D        | Lost mutation: You expend magic power (3 MP) to strengthen your wands. [Jiyva's grace]
   548 | D        | Gained mutation: You have acidic saliva. [Jiyva's grace]
   552 | D        | Entered arena 14.
   552 | D        | Gained mutation: You can exhale a cloud of poison. [Jiyva's grace]
   553 | D        | Noticed a swamp dragon
   553 | D        | Noticed a swamp drake
   553 | D        | Noticed a death drake
   553 | D        | Noticed a death drake
   553 | D        | Noticed a steam dragon
   553 | D        | Noticed a steam dragon
   553 | D        | Lost mutation: You have acidic saliva. [Jiyva's grace]
   554 | D        | Noticed an ice dragon
   554 | D        | Noticed an ice dragon
   554 | D        | Noticed a mottled dragon
   554 | D        | Noticed an ice dragon
   554 | D        | Noticed a wyvern
   555 | D        | Noticed a death drake
   556 | D        | Noticed a wyvern
   556 | D        | Gained mutation: Your flesh is heat resistant. [Jiyva's grace]
   558 | D        | Lost mutation: Your flesh is heat resistant. [Jiyva's grace]
   560 | D        | Slimified a death drake
   560 | D        | a death drake changed into a slime creature
   564 | D        | Killed a death drake
   564 | D        | Killed a steam dragon
   564 | D        | Killed a mottled dragon
   564 | D        | Gained mutation: You are resistant to hostile enchantments. [Jiyva's grace]
   566 | D        | Killed a swamp dragon
   566 | D        | Reached skill level 15 in Fighting
   567 | D        | Killed an ice dragon
   568 | D        | Killed an ice dragon
   568 | D        | Reached skill level 15 in Axes
   568 | D        | Killed a swamp drake
   568 | D        | Lost mutation: You are partially covered in large bone plates (AC +2, SH +2). [Jiyva's grace]
   569 | D        | Killed a wyvern
   569 | D        | Killed a death drake
   570 | D        | Killed an ice dragon
   572 | D        | Lost mutation: You are resistant to hostile enchantments. [Jiyva's grace]
   574 | D        | Lost mutation: Your spells are a little harder to cast, but a little more powerful. [Jiyva's grace]
   574 | D        | Killed a wyvern
   575 | D        | Gained mutation: Your spells are a little harder to cast, but a little more powerful. [Jiyva's grace]
   577 | D        | Gained mutation: You have a pair of small antennae on your head. [Jiyva's grace]
   577 | D        | Lost mutation: Your body is partially covered in golden eyeballs (Acc +3). [Jiyva's grace]
   577 | D        | Lost mutation: You can translocate small distances at will. [Jiyva's grace]
   577 | D        | Killed a steam dragon
   715 | D        | Entered arena 15.
   715 | D        | Noticed a guardian serpent
   715 | D        | Noticed an anaconda
   715 | D        | Noticed a guardian serpent
   715 | D        | Noticed a guardian serpent
   715 | D        | Noticed a water moccasin
   715 | D        | Noticed a black mamba
   715 | D        | Noticed a black mamba
   715 | D        | Noticed a black mamba
   716 | D        | Noticed a naga
   716 | D        | Noticed a naga mage
   716 | D        | Gained mutation: You are covered in slimy tendrils that may disarm your opponents. [Jiyva's grace]
   717 | D        | Killed a naga
   718 | D        | Killed a guardian serpent
   718 | D        | Reached skill level 1 in Stealth
   718 | D        | Killed a guardian serpent
   720 | D        | Killed a water moccasin
   720 | D        | Killed a black mamba
   721 | D        | Killed a black mamba
   721 | D        | Gained mutation: You are clumsy. (Dex -2) [a neqoxec]
   723 | D        | Killed a guardian serpent
   723 | D        | Gained mutation: You can use your snake-like lower body to constrict enemies. [Naga growth]
   723 | D        | Reached XP level 13. HP: 121/139 MP: 14/14
   723 | D        | Killed a black mamba
   724 | D        | Killed an anaconda
   724 | D        | Reached skill level 5 in Stealth
   724 | D        | Killed a naga mage
   725 | D        | Gained mutation: Your spells are harder to cast, but more powerful. [Jiyva's grace]
   726 | D        | Got the ring "Fifutid" {rF+ Str+4 Stlth+}
   728 | D        | Lost mutation: You are partially covered in icy blue scales (AC +1). [Jiyva's grace]
   731 | D        | Gained mutation: Your body is partially covered in golden eyeballs (Acc +3). [Jiyva's grace]
   732 | D        | Gained mutation: You are partially covered in icy blue scales (AC +1). [Jiyva's grace]
   734 | D        | Lost mutation: You can exhale a cloud of poison. [Jiyva's grace]
   736 | D        | Got the +10 war axe of Cyenasch {chop, MR+ MP+9 Dex+3}
   737 | D        | Lost mutation: Your body is partially covered in golden eyeballs (Acc +3). [Jiyva's grace]
   737 | D        | Lost mutation: You are clumsy. (Dex -2) [Jiyva's grace]
   738 | D        | Gained mutation: You have a pair of antennae on your head. [Jiyva's grace]
   740 | D        | Gained mutation: Your spells are much harder to cast, but much more powerful. [Jiyva's grace]
   740 | D        | Gained mutation: Your muscles are strong. (Str +2) [Jiyva's grace]
   742 | D        | Lost mutation: Your muscles are strong. (Str +2) [Jiyva's grace]
   743 | D        | Lost mutation: You are covered in slimy tendrils that may disarm your opponents. [Jiyva's grace]
   743 | D        | Gained mutation: You evolve. [Jiyva's grace]
   744 | D        | Lost mutation: You have an increased reservoir of magic (+10% MP). [Jiyva's grace]
   745 | D        | Lost mutation: Your spells are much harder to cast, but much more powerful. [Jiyva's grace]
   746 | D        | Entered arena 16.
   747 | D        | Gained mutation: Armour fits poorly on your large pseudopods. [Jiyva's grace]
   747 | D        | Gained mutation: Your flesh is cold resistant. [Jiyva's grace]
   748 | D        | Lost mutation: You evolve. [Jiyva's grace]
   749 | D        | Noticed an ice dragon
   749 | D        | Noticed a polar bear
   749 | D        | Noticed a blizzard demon
   749 | D        | Noticed a frost giant
   749 | D        | Noticed a polar bear
   749 | D        | Noticed a polar bear
   750 | D        | Noticed a frost giant
   750 | D        | Noticed a polar bear
   750 | D        | Noticed a freezing wraith
   750 | D        | Noticed an ice dragon
   750 | D        | Noticed a polar bear
   750 | D        | Noticed a freezing wraith
   750 | D        | Gained mutation: You are covered in slimy tendrils that may disarm your opponents. [Jiyva's grace]
   750 | D        | Lost mutation: You have a pair of antennae on your head. [Jiyva's grace]
   750 | D        | Lost mutation: You are partially covered in icy blue scales (AC +1). [Jiyva's grace]
   751 | D        | Noticed a freezing wraith
   752 | D        | Killed a polar bear
   753 | D        | Killed a polar bear
   753 | D        | Gained mutation: Your magical capacity is low (-10% MP). [Jiyva's grace]
   755 | D        | Killed a polar bear
   759 | D        | Killed an ice dragon
   761 | D        | Killed an ice dragon
   761 | D        | Reached skill level 10 in Dodging
   762 | D        | Killed a freezing wraith
   762 | D        | Reached skill level 16 in Fighting
   762 | D        | Lost mutation: Armour fits poorly on your large pseudopods. [Jiyva's grace]
   762 | D        | HP: 6/140 [frost giant/battleaxe of freezing (30)]
   764 | D        | Lost mutation: Your flesh is cold resistant. [Jiyva's grace]
   765 | D        | Killed a frost giant
   765 | D        | Reached skill level 1 in Evocations
   766 | D        | Killed a polar bear
   768 | D        | Killed a polar bear
   768 | D        | Gained mutation: Armour fits poorly on your large pseudopods. [Jiyva's grace]
   770 | D        | Killed a frost giant
   770 | D        | Killed a freezing wraith
   771 | D        | Killed a blizzard demon
   776 | D        | Killed a freezing wraith
   777 | D        | Gained mutation: Your flesh is cold resistant. [Jiyva's grace]
   777 | D        | Gained mutation: You have sharp fingernails. [Jiyva's grace]
   778 | D        | Lost mutation: Your spells are harder to cast, but more powerful. [Jiyva's grace]
   779 | D        | Gained mutation: You are partially covered in rough black scales (AC +4, Dex -1). [Jiyva's grace]
   779 | D        | Lost mutation: You have a pair of small antennae on your head. [Jiyva's grace]
   779 | D        | Gained mutation: Your skin changes colour to match your surroundings (Stealth). [Jiyva's grace]
   780 | D        | Gained mutation: You have a pair of small horns on your head. [Jiyva's grace]
   781 | D        | Lost mutation: Your spells are a little harder to cast, but a little more powerful. [Jiyva's grace]
   784 | D        | Got the amulet "Ylaxask" {+Rage rN+ MR++ Str-2 SInv}
  1083 | D        | Gained mutation: Your tail ends in a poisonous barb. [Jiyva's grace]
  1084 | D        | Entered arena 17.
  1084 | D        | Noticed a vampire mage
  1084 | D        | Noticed a vampire mage
  1084 | D        | Noticed a vampire mage
  1084 | D        | Noticed a vampire mage
  1084 | D        | Noticed a necrophage
  1084 | D        | Noticed a vampire mage
  1084 | D        | Noticed a necrophage
  1085 | D        | Gained mutation: You have a small jelly attached to you that may absorb incoming projectiles. [Jiyva's grace]
  1086 | D        | Noticed a vampire knight
  1086 | D        | Lost mutation: Your flesh is cold resistant. [Jiyva's grace]
  1088 | D        | Noticed a necrophage
  1088 | D        | Noticed a shadow
  1088 | D        | Killed a necrophage
  1088 | D        | Killed a necrophage
  1088 | D        | Lost mutation: Your tail ends in a poisonous barb. [Jiyva's grace]
  1089 | D        | Noticed a shadow
  1089 | D        | Noticed a skeletal warrior
  1089 | D        | Killed a vampire mage
  1089 | D        | Reached skill level 10 in Stealth
  1089 | D        | Gained mutation: You possess an exceptional clarity of mind. [Jiyva's grace]
  1091 | D        | Killed a vampire mage
  1091 | D        | Killed a vampire mage
  1093 | D        | Killed a necrophage
  1094 | D        | Killed a vampire knight
  1094 | D        | Killed a shadow
  1096 | D        | Killed a shadow
  1096 | D        | Lost mutation: Your magical capacity is low (-10% MP). [Jiyva's grace]
  1098 | D        | Gained mutation: You are weak. (Str -2) [Jiyva's grace]
  1098 | D        | Lost mutation: You are weak. (Str -2) [Jiyva's grace]
  1098 | D        | Killed a vampire mage
  1100 | D        | Lost mutation: You possess an exceptional clarity of mind. [Jiyva's grace]
  1100 | D        | Gained mutation: You have acidic saliva. [Jiyva's grace]
  1101 | D        | Lost mutation: You have a small jelly attached to you that may absorb incoming projectiles. [Jiyva's grace]
  1101 | D        | Gained mutation: Your rubbery body absorbs attacks (AC +1). [Jiyva's grace]
  1101 | D        | Gained mutation: You are partially covered in slimy green scales (AC +2). [Jiyva's grace]
  1102 | D        | Killed a skeletal warrior
  1104 | D        | Killed a vampire mage
  1104 | D        | Gained mutation: Your pliable body absorbs attacks (AC +1, EV +1). [Jiyva's grace]
  1110 | D        | Lost mutation: You have a pair of small horns on your head. [Jiyva's grace]
  1111 | D        | Lost mutation: You are partially covered in slimy green scales (AC +2). [Jiyva's grace]
  1112 | D        | Gained mutation: You expend magic power (3 MP) to strengthen your wands. [Jiyva's grace]
  1116 | D        | Lost mutation: You expend magic power (3 MP) to strengthen your wands. [Jiyva's grace]
  1116 | D        | Lost mutation: You have acidic saliva. [Jiyva's grace]
  1117 | D        | Gained mutation: You are partially covered in thin metallic scales (AC +2). [Jiyva's grace]
  1120 | D        | Gained mutation: You possess an exceptional clarity of mind. [Jiyva's grace]
  1120 | D        | Gained mutation: You have a pair of small horns on your head. [Jiyva's grace]
  1121 | D        | Gained mutation: Your gelatinous body deflects attacks (AC +2, EV +2). [Jiyva's grace]
  1121 | D        | Lost mutation: You possess an exceptional clarity of mind. [Jiyva's grace]
  1121 | D        | Gained mutation: You have a small jelly attached to you that may absorb incoming projectiles. [Jiyva's grace]
  1123 | D        | Lost mutation: You have a pair of small horns on your head. [Jiyva's grace]
  1123 | D        | Gained mutation: You occasionally shout uncontrollably at your foes. [Jiyva's grace]
  1127 | D        | Lost mutation: Your gelatinous body deflects attacks (AC +2, EV +2). [Jiyva's grace]
  1128 | D        | Entered arena 18.
  1128 | D        | Noticed a shadow dragon
  1128 | D        | Noticed a soul eater
  1129 | D        | Noticed a soul eater
  1130 | D        | Noticed a soul eater
  1133 | D        | Noticed a soul eater
  1134 | D        | Noticed a soul eater
  1134 | D        | Noticed a soul eater
  1135 | D        | Noticed a ghoul
  1135 | D        | Killed a shadow dragon
  1135 | D        | Gained mutation: Your mind is acute. (Int +2) [Jiyva's grace]
  1135 | D        | Lost mutation: You are partially covered in rough black scales (AC +4, Dex -1). [Jiyva's grace]
  1137 | D        | Gained mutation: You have a small jelly attached to you that senses nearby items. [Jiyva's grace]
  1140 | D        | Lost mutation: Your pliable body absorbs attacks (AC +1, EV +1). [Jiyva's grace]
  1141 | D        | Killed a soul eater
  1141 | D        | Lost mutation: You are covered in slimy tendrils that may disarm your opponents. [Jiyva's grace]
  1142 | D        | Gained mutation: You are resistant to electric shocks. [Jiyva's grace]
  1144 | D        | Gained mutation: You can exhale a cloud of poison. [Jiyva's grace]
  1144 | D        | Lost mutation: Your mind is acute. (Int +2) [Jiyva's grace]
  1145 | D        | Killed a soul eater
  1145 | D        | Reached skill level 17 in Axes
  1146 | D        | Lost mutation: You occasionally shout uncontrollably at your foes. [Jiyva's grace]
  1146 | D        | Lost mutation: Armour fits poorly on your large pseudopods. [Jiyva's grace]
  1148 | D        | Killed a soul eater
  1150 | D        | Killed a soul eater
  1150 | D        | Reached XP level 14. HP: 142/153 MP: 17/17
  1150 | D        | Killed a soul eater
  1150 | D        | Killed a ghoul
  1150 | D        | Reached skill level 5 in Evocations
  1151 | D        | Lost mutation: You can exhale a cloud of poison. [Jiyva's grace]
  1153 | D        | Killed a soul eater
  1165 | D        | Got the ring of Yczoalaa {*Confuse +Fly rElec MP+9 SInv}
  1171 | D        | Got the amulet "Xuniaw" {Regen+ Dex+3}
  1181 | D        | Entered arena 19.
  1181 | D        | Noticed a redback
  1181 | D        | Noticed a dire elephant
  1181 | D        | Noticed a dryad
  1181 | D        | Noticed a dryad
  1181 | D        | Noticed a wind drake
  1182 | D        | Noticed a spriggan druid
  1182 | D        | Killed a redback
  1184 | D        | Noticed a yak
  1184 | D        | Gained mutation: You are agile. (Dex +2) [Jiyva's grace]
  1184 | D        | Noticed a spriggan rider
  1185 | D        | Killed a dryad
  1186 | D        | Noticed a spriggan berserker
  1186 | D        | Noticed a spriggan air mage
  1186 | D        | Killed a wind drake
  1186 | D        | Gained mutation: You are partially covered in iridescent scales (AC +4). [Jiyva's grace]
  1189 | D        | Noticed a spriggan air mage
  1189 | D        | Noticed a spriggan berserker
  1189 | D        | Lost mutation: Your skin changes colour to match your surroundings (Stealth). [Jiyva's grace]
  1189 | D        | Gained mutation: Your skin is partially translucent (Stealth, -foe acc). [Jiyva's grace]
  1190 | D        | Noticed a wolf spider
  1190 | D        | Killed a dire elephant
  1190 | D        | Reached skill level 15 in Armour
  1191 | D        | Noticed a dire elephant
  1191 | D        | Noticed a dryad
  1191 | D        | Noticed a spriggan berserker
  1191 | D        | Noticed a faun
  1191 | D        | Noticed a faun
  1191 | D        | Noticed a spriggan defender
  1191 | D        | Noticed a satyr
  1191 | D        | Lost mutation: Your skin is partially translucent (Stealth, -foe acc). [Jiyva's grace]
  1191 | D        | Lost mutation: You have a small jelly attached to you that may absorb incoming projectiles. [Jiyva's grace]
  1192 | D        | Noticed a spriggan rider
  1193 | D        | Killed a spriggan air mage
  1195 | D        | Killed a yak
  1195 | D        | Gained mutation: Your pliable body absorbs attacks (AC +1, EV +1). [Jiyva's grace]
  1195 | D        | Lost mutation: You are agile. (Dex +2) [Jiyva's grace]
  1196 | D        | Killed a wolf spider
  1196 | D        | Reached skill level 15 in Shields
  1198 | D        | Killed a spriggan rider
  1198 | D        | Killed a wasp
  1198 | D        | Lost mutation: You are partially covered in iridescent scales (AC +4). [Jiyva's grace]
  1200 | D        | Killed a dryad
  1202 | D        | Killed a spriggan berserker
  1202 | D        | Reached skill level 18 in Axes
  1202 | D        | Killed a spriggan druid
  1202 | D        | Lost mutation: You are resistant to electric shocks. [Jiyva's grace]
  1207 | D        | Killed a spriggan defender
  1209 | D        | Gained mutation: Your tail ends in a poisonous barb. [Jiyva's grace]
  1210 | D        | Killed a spriggan berserker
  1211 | D        | Lost mutation: Your tail ends in a poisonous barb. [Jiyva's grace]
  1212 | D        | Gained mutation: Your flesh is heat resistant. [Jiyva's grace]
  1213 | D        | Killed a spriggan berserker
  1213 | D        | Killed a spriggan air mage
  1214 | D        | Killed a dire elephant
  1214 | D        | Reached skill level 15 in Stealth
  1214 | D        | Lost mutation: Your flesh is heat resistant. [Jiyva's grace]
  1215 | D        | Killed a faun
  1215 | D        | Killed a faun
  1216 | D        | Killed a spriggan
  1217 | D        | Killed a wasp
  1218 | D        | Gained mutation: You are partially covered in iridescent scales (AC +4). [Jiyva's grace]
  1218 | D        | Gained mutation: You can exhale a cloud of poison. [Jiyva's grace]
  1218 | D        | Gained mutation: You are agile. (Dex +2) [Jiyva's grace]
  1219 | D        | Killed a dryad
  1221 | D        | Gained mutation: You have a small jelly attached to you that may absorb incoming projectiles. [Jiyva's grace]
  1222 | D        | Killed a satyr
  1235 | D        | Gained mutation: Your flesh is cold resistant. [Jiyva's grace]
  1235 | D        | Lost mutation: You can exhale a cloud of poison. [Jiyva's grace]
  1325 | D        | Gained mutation: You have a beak for a mouth. [Jiyva's grace]
  1326 | D        | Lost mutation: You are agile. (Dex +2) [Jiyva's grace]
  1326 | D        | Lost mutation: You are partially covered in iridescent scales (AC +4). [Jiyva's grace]
  1327 | D        | Lost mutation: Your flesh is cold resistant. [Jiyva's grace]
  1328 | D        | Gained mutation: You are robust (+10% HP). [Jiyva's grace]
  1328 | D        | Lost mutation: You are robust (+10% HP). [Jiyva's grace]
  1329 | D        | Lost mutation: You are partially covered in thin metallic scales (AC +2). [Jiyva's grace]
  1329 | D        | Gained mutation: You are partially covered in molten scales (AC +1). [Jiyva's grace]
  1329 | D        | Gained mutation: You passively map a small area around you. [Jiyva's grace]
  1330 | D        | Gained mutation: Your tail ends in a poisonous barb. [Jiyva's grace]
  1331 | D        | Gained mutation: You are partially covered in rugged brown scales (AC +1, +3% HP). [Jiyva's grace]
  1331 | D        | Gained mutation: Your skin is partially translucent (Stealth, -foe acc). [Jiyva's grace]
  1332 | D        | Gained mutation: You are somewhat resistant to further mutation. [Jiyva's grace]
  1332 | D        | Gained mutation: You have very sharp fingernails. [Jiyva's grace]
  1340 | D        | Gained mutation: Your flesh is cold resistant. [Jiyva's grace]
  1340 | D        | Lost mutation: You are somewhat resistant to further mutation. [Jiyva's grace]
  1341 | D        | Lost mutation: Your tail ends in a poisonous barb. [Jiyva's grace]
  1341 | D        | Gained mutation: Your flesh is heat resistant. [Jiyva's grace]
  1342 | D        | Gained mutation: You can exhale a cloud of poison. [Jiyva's grace]
  1343 | D        | Lost mutation: You have a small jelly attached to you that may absorb incoming projectiles. [Jiyva's grace]
  1343 | D        | Gained mutation: Your mind is acute. (Int +2) [Jiyva's grace]
  1344 | D        | Gained mutation: You have a small jelly attached to you that may absorb incoming projectiles. [Jiyva's grace]
  1344 | D        | Lost mutation: You have a small jelly attached to you that senses nearby items. [Jiyva's grace]
  1344 | D        | Lost mutation: Your mind is acute. (Int +2) [Jiyva's grace]
  1345 | D        | Entered arena 20.
  1345 | D        | Gained mutation: Your flesh is very heat resistant. [Jiyva's grace]
  1346 | D        | Lost mutation: You can exhale a cloud of poison. [Jiyva's grace]
  1347 | D        | Lost mutation: Your flesh is cold resistant. [Jiyva's grace]
  1349 | D        | Noticed a merfolk javelineer
  1349 | D        | Noticed a centaur
  1349 | D        | Noticed a stone giant
  1351 | D        | Noticed a centaur warrior
  1351 | D        | Noticed a yaktaur captain
  1351 | D        | Noticed a merfolk javelineer
  1351 | D        | Noticed a yaktaur
  1351 | D        | Noticed a deep elf master archer
  1351 | D        | Noticed a stone giant
  1351 | D        | Noticed a centaur
  1351 | D        | Noticed a stone giant
  1351 | D        | Noticed a merfolk javelineer
  1351 | D        | Noticed a centaur
  1351 | D        | Noticed a centaur
  1352 | D        | Noticed a deep elf master archer
  1352 | D        | Noticed a yaktaur
  1352 | D        | Noticed a merfolk javelineer
  1352 | D        | Noticed a yaktaur
  1352 | D        | Noticed a stone giant
  1352 | D        | Noticed a yaktaur captain
  1352 | D        | Noticed a centaur
  1352 | D        | Noticed a centaur
  1352 | D        | Noticed a stone giant
  1352 | D        | Noticed a stone giant
  1352 | D        | Noticed a merfolk javelineer
  1353 | D        | Identified a +9 rod of shadows (7/12)
  1358 | D        | Killed a merfolk javelineer
  1358 | D        | Killed a centaur warrior
  1359 | D        | Killed a stone giant
  1359 | D        | Reached skill level 19 in Axes
  1360 | D        | Identified the +5 arbalest of Rubaic {elec, rPois MR+ Int-4 Dex+4}
  1366 | D        | Killed a centaur
  1367 | D        | Killed a stone giant
  1368 | D        | Killed a stone giant
  1369 | D        | Killed a yaktaur
  1370 | D        | Killed a deep elf master archer
  1370 | D        | Killed a deep elf master archer
  1370 | D        | Killed a yaktaur captain
  1371 | D        | Killed a stone giant
  1374 | D        | Killed a yaktaur
  1375 | D        | Killed a yaktaur captain
  1375 | D        | Killed a centaur
  1375 | D        | Reached XP level 15. HP: 54/168 MP: 18/20
  1376 | D        | Killed a centaur
  1378 | D        | Killed a stone giant
  1378 | D        | Reached skill level 20 in Axes
  1380 | D        | Killed a centaur
  1380 | D        | Killed a yaktaur
  1383 | D        | Killed a centaur
  1383 | D        | Killed a centaur
  1386 | D        | Killed a stone giant
  1389 | D        | Killed a merfolk javelineer
  1390 | D        | Killed a merfolk javelineer
  1390 | D        | Killed a merfolk javelineer
  1393 | D        | Killed a merfolk javelineer
  1410 | D        | Got the amulet of Ru's Outrage {Stasis rC+ Slay+2}
  1421 | D        | Got the ring "Rinno" {rF+ rC+ rN+}
  1424 | D        | Lost mutation: Your flesh is very heat resistant. [Jiyva's grace]
  1424 | D        | Lost mutation: Your pliable body absorbs attacks (AC +1, EV +1). [Jiyva's grace]
  1426 | D        | Gained mutation: You have a small jelly attached to you that senses nearby items. [Jiyva's grace]
  1427 | D        | Gained mutation: Your skin is mostly translucent (Stealth, -foe acc). [Jiyva's grace]
  1429 | D        | Gained mutation: Armour fits poorly on your large pseudopods. [Jiyva's grace]
  1430 | D        | Lost mutation: You have a small jelly attached to you that may absorb incoming projectiles. [Jiyva's grace]
  1430 | D        | Lost mutation: Your flesh is heat resistant. [Jiyva's grace]
  1431 | D        | Lost mutation: Your rubbery body absorbs attacks (AC +1). [Jiyva's grace]
  1432 | D        | Gained mutation: You are somewhat resistant to further mutation. [Jiyva's grace]
  1432 | D        | Lost mutation: You are partially covered in molten scales (AC +1). [Jiyva's grace]
  1433 | D        | Lost mutation: Armour fits poorly on your large pseudopods. [Jiyva's grace]
  1434 | D        | Lost mutation: You passively map a small area around you. [Jiyva's grace]
  1435 | D        | Gained mutation: Your body sometimes deteriorates upon taking damage. [Jiyva's grace]
  1435 | D        | Gained mutation: You are resistant to hostile enchantments. [Jiyva's grace]
  1436 | D        | Lost mutation: Armour fits poorly on your pseudopods. [Jiyva's grace]
  1436 | D        | Gained mutation: Armour fits poorly on your pseudopods. [Jiyva's grace]
  1437 | D        | Lost mutation: You are resistant to hostile enchantments. [Jiyva's grace]
  1437 | D        | Lost mutation: You have very sharp fingernails. [Jiyva's grace]
  1437 | D        | Gained mutation: You are partially covered in molten scales (AC +1). [Jiyva's grace]
  1437 | D        | Gained mutation: You passively map a small area around you. [Jiyva's grace]
  1438 | D        | Lost mutation: You are partially covered in rugged brown scales (AC +1, +3% HP). [Jiyva's grace]
  1439 | D        | Lost mutation: Your skin is mostly translucent (Stealth, -foe acc). [Jiyva's grace]
  1440 | D        | Gained mutation: You can exhale a cloud of poison. [Jiyva's grace]
  1440 | D        | Lost mutation: You can exhale a cloud of poison. [Jiyva's grace]
  1440 | D        | Gained mutation: Your spells are a little harder to cast, but a little more powerful. [Jiyva's grace]
  1440 | D        | Lost mutation: You have a small jelly attached to you that senses nearby items. [Jiyva's grace]
  1440 | D        | Gained mutation: Your flesh is cold resistant. [Jiyva's grace]
  1441 | D        | Gained mutation: You have a pair of small antennae on your head. [Jiyva's grace]
  1442 | D        | Lost mutation: Your body sometimes deteriorates upon taking damage. [Jiyva's grace]
  1442 | D        | Gained mutation: You can translocate small distances at will. [Jiyva's grace]
  1442 | D        | Gained mutation: Your rubbery body absorbs attacks (AC +1). [Jiyva's grace]
  1442 | D        | Gained mutation: Your skin is mostly translucent (Stealth, -foe acc). [Jiyva's grace]
  1442 | D        | Lost mutation: Your skin is mostly translucent (Stealth, -foe acc). [Jiyva's grace]
  1442 | D        | Gained mutation: Armour fits poorly on your large pseudopods. [Jiyva's grace]
  1442 | D        | Gained mutation: Your tail ends in a poisonous barb. [Jiyva's grace]
  1442 | D        | Lost mutation: Your tail ends in a poisonous barb. [Jiyva's grace]
  1442 | D        | Lost mutation: You can translocate small distances at will. [Jiyva's grace]
  1444 | D        | Gained mutation: Your skin is mostly translucent (Stealth, -foe acc). [Jiyva's grace]
  1444 | D        | Gained mutation: You can exhale a cloud of poison. [Jiyva's grace]
  1444 | D        | Lost mutation: You can exhale a cloud of poison. [Jiyva's grace]
  1446 | D        | Lost mutation: You are somewhat resistant to further mutation. [Jiyva's grace]
  1446 | D        | Lost mutation: Your spells are a little harder to cast, but a little more powerful. [Jiyva's grace]
  1446 | D        | Lost mutation: Armour fits poorly on your large pseudopods. [Jiyva's grace]
  1446 | D        | Gained mutation: You tend to lose your temper in combat. [Jiyva's grace]
  1447 | D        | Lost mutation: Armour fits poorly on your pseudopods. [Jiyva's grace]
  1450 | D        | Lost mutation: You have sharp fingernails. [Jiyva's grace]
  1451 | D        | Gained mutation: You are partially covered in slimy green scales (AC +2). [Jiyva's grace]
  1453 | D        | Entered arena 21.
  1453 | D        | Noticed an orc warlord
  1453 | D        | Noticed an orc warlord
  1453 | D        | Noticed a moth of wrath
  1453 | D        | Noticed a troll
  1456 | D        | Noticed an orc warrior
  1458 | D        | Noticed an orc sorcerer
  1458 | D        | Noticed an orc warrior
  1458 | D        | Noticed an orc warlord
  1458 | D        | Noticed an orc high priest
  1459 | D        | Noticed an orc warlord
  1459 | D        | Noticed a stone giant
  1459 | D        | Noticed an ogre
  1459 | D        | Noticed an orc sorcerer
  1459 | D        | Noticed an orc high priest
  1459 | D        | Killed a moth of wrath
  1463 | D        | Noticed a stone giant
  1463 | D        | Noticed an orc knight
  1463 | D        | Noticed a stone giant
  1464 | D        | Noticed an orc priest
  1464 | D        | Killed an orc warrior
  1464 | D        | Killed an orc warlord
  1466 | D        | Killed a troll
  1466 | D        | Killed an orc warrior
  1467 | D        | Noticed an ogre
  1467 | D        | Killed an orc high priest
  1472 | D        | Killed an orc sorcerer
  1473 | D        | Killed a stone giant
  1473 | D        | Killed an ogre
  1473 | D        | Killed an orc warlord
  1476 | D        | Killed an orc sorcerer
  1476 | D        | Killed an orc warlord
  1480 | D        | Killed an orc priest
  1481 | D        | Killed an orc high priest
  1482 | D        | Killed an orc knight
  1482 | D        | Killed an ogre
  1483 | D        | Killed a stone giant
  1483 | D        | Reached skill level 21 in Axes
  1484 | D        | Killed an orc warlord
  1485 | D        | Killed a stone giant
  1531 | D        | Gained mutation: You can translocate small distances at will. [Jiyva's grace]
  1535 | D        | Lost mutation: Your flesh is cold resistant. [Jiyva's grace]
  1548 | D        | Gained mutation: You possess an exceptional clarity of mind. [Jiyva's grace]
  1551 | D        | Gained mutation: You are covered in slimy tendrils that may disarm your opponents. [Jiyva's grace]
  1553 | D        | Gained mutation: Your body is partially covered in golden eyeballs (Acc +3). [Jiyva's grace]
  1558 | D        | Lost mutation: You passively map a small area around you. [Jiyva's grace]
  1563 | D        | Gained mutation: Your body is mostly covered in golden eyeballs (Acc +5). [Jiyva's grace]
  1606 | D        | Lost mutation: Your body is mostly covered in golden eyeballs (Acc +5). [Jiyva's grace]
  1621 | D        | Gained mutation: Your skin is entirely transparent (Stealth, -foe acc). [Jiyva's grace]
  1621 | D        | Gained mutation: Your flesh is cold resistant. [Jiyva's grace]
  1622 | D        | Gained mutation: You have a small jelly attached to you that senses nearby items. [Jiyva's grace]
  1624 | D        | Gained mutation: Your body is mostly covered in golden eyeballs (Acc +5). [Jiyva's grace]
  1624 | D        | Gained mutation: Your tail ends in a poisonous barb. [Jiyva's grace]
  1625 | D        | Lost mutation: You are covered in slimy tendrils that may disarm your opponents. [Jiyva's grace]
  1626 | D        | Entered arena 22.
  1626 | D        | Noticed a wind drake
  1626 | D        | Lost mutation: Your skin is entirely transparent (Stealth, -foe acc). [Jiyva's grace]
  1626 | D        | Gained mutation: You have acidic saliva. [Jiyva's grace]
  1627 | D        | Gained mutation: Your skin is entirely transparent (Stealth, -foe acc). [Jiyva's grace]
  1627 | D        | Lost mutation: You have acidic saliva. [Jiyva's grace]
  1627 | D        | Lost mutation: Your tail ends in a poisonous barb. [Jiyva's grace]
  1627 | D        | Gained mutation: You are resistant to hostile enchantments. [Jiyva's grace]
  1628 | D        | Gained mutation: Your muscles are strong. (Str +2) [Jiyva's grace]
  1629 | D        | Gained mutation: You have acidic saliva. [Jiyva's grace]
  1629 | D        | Lost mutation: You have a pair of small antennae on your head. [Jiyva's grace]
  1630 | D        | Lost mutation: You tend to lose your temper in combat. [Jiyva's grace]
  1630 | D        | Lost mutation: You have a small jelly attached to you that senses nearby items. [Jiyva's grace]
  1630 | D        | Gained mutation: Your pliable body absorbs attacks (AC +1, EV +1). [Jiyva's grace]
  1630 | D        | Lost mutation: Your pliable body absorbs attacks (AC +1, EV +1). [Jiyva's grace]
  1633 | D        | Noticed a warg
  1633 | D        | Noticed a deep elf annihilator
  1633 | D        | Noticed a deep elf annihilator
  1633 | D        | Noticed a deep elf master archer
  1633 | D        | Noticed a moth of wrath
  1633 | D        | Noticed a deep elf sorcerer
  1633 | D        | Noticed a deep elf annihilator
  1633 | D        | Noticed a deep elf high priest
  1633 | D        | Noticed a deep elf knight
  1633 | D        | Noticed a deep elf sorcerer
  1633 | D        | Noticed a deep elf blademaster
  1633 | D        | Noticed a deep elf fighter
  1634 | D        | Gained mutation: Your tail ends in a poisonous barb. [Jiyva's grace]
  1634 | D        | Lost mutation: Your rubbery body absorbs attacks (AC +1). [Jiyva's grace]
  1634 | D        | Lost mutation: You are partially covered in slimy green scales (AC +2). [Jiyva's grace]
  1634 | D        | Gained mutation: Your body is completely covered in golden eyeballs (Acc +7, SInv). [Jiyva's grace]
  1636 | D        | Noticed a deep elf high priest
  1636 | D        | Noticed a deep elf knight
  1636 | D        | Noticed a deep elf blademaster
  1636 | D        | Killed a wind drake
  1636 | D        | Gained mutation: You have a pair of small horns on your head. [Jiyva's grace]
  1636 | D        | Lost mutation: Your muscles are strong. (Str +2) [Jiyva's grace]
  1636 | D        | Gained mutation: Armour fits poorly on your pseudopods. [Jiyva's grace]
  1636 | D        | Lost mutation: You have a pair of small horns on your head. [Jiyva's grace]
  1637 | D        | Noticed a deep elf annihilator
  1637 | D        | Noticed a deep elf master archer
  1637 | D        | Noticed a deep elf annihilator
  1637 | D        | Noticed a deep elf blademaster
  1637 | D        | Noticed a deep elf fighter
  1637 | D        | Noticed a deep elf sorcerer
  1637 | D        | Noticed a deep elf sorcerer
  1637 | D        | Noticed a deep elf knight
  1637 | D        | a moth of wrath changed into a guardian serpent
  1637 | D        | Gained mutation: You have a small jelly attached to you that may absorb incoming projectiles. [Jiyva's grace]
  1637 | D        | Lost mutation: You have acidic saliva. [Jiyva's grace]
  1638 | D        | Noticed a deep elf high priest
  1638 | D        | Noticed a deep elf master archer
  1638 | D        | Noticed a deep elf annihilator
  1638 | D        | Noticed a deep elf high priest
  1638 | D        | Noticed a deep elf annihilator
  1638 | D        | Noticed a deep elf sorcerer
  1638 | D        | Noticed a deep elf sorcerer
  1638 | D        | Noticed a deep elf annihilator
  1638 | D        | Noticed a deep elf conjurer
  1638 | D        | Noticed a deep elf mage
  1639 | D        | Noticed a deep elf priest
  1640 | D        | Killed a deep elf annihilator
  1642 | D        | Killed a deep elf sorcerer
  1642 | D        | Killed a deep elf blademaster
  1645 | D        | Killed a deep elf blademaster
  1645 | D        | Killed a deep elf sorcerer
  1646 | D        | Killed a warg
  1648 | D        | Killed a deep elf sorcerer
  1648 | D        | Reached skill level 22 in Axes
  1648 | D        | Reached skill level 10 in Evocations
  1648 | D        | Killed a deep elf blademaster
  1649 | D        | Killed a deep elf fighter
  1649 | D        | Killed a deep elf master archer
  1649 | D        | Killed a deep elf knight
  1649 | D        | Killed a deep elf knight
  1650 | D        | Killed a deep elf sorcerer
  1650 | D        | Killed a deep elf annihilator
  1651 | D        | Killed a deep elf priest
  1653 | D        | Killed a deep elf mage
  1654 | D        | Killed a deep elf master archer
  1654 | D        | Reached XP level 16. HP: 72/178 MP: 23/23
  1654 | D        | Killed a deep elf sorcerer
  1655 | D        | Killed a deep elf master archer
  1656 | D        | Killed a deep elf conjurer
  1657 | D        | Killed a deep elf high priest
  1657 | D        | Killed a deep elf annihilator
  1657 | D        | Reached skill level 23 in Axes
  1659 | D        | Killed a deep elf high priest
  1663 | D        | HP: 4/180 [ice devil[a deep elf sorcerer] (13)]
  1663 | D        | Killed from afar by a deep elf high priest

Action                   |  1- 3 |  4- 6 |  7- 9 | 10-12 | 13-15 | 16-18 || total
-------------------------+-------+-------+-------+-------+-------+-------++-------
Melee: Broad axe         |     2 |     7 |    22 |   100 |   175 |     6 ||   312
Invok: Request Jelly     |       |       |     4 |     9 |     5 |       ||    18
       Slimify           |       |       |     1 |     3 |       |       ||     4
       Cure Bad Mutation |       |       |       |     2 |       |       ||     2
 Abil: Breathe Poison Ga |       |       |       |     1 |       |       ||     1
Evoke: Wand              |       |       |       |       |     1 |       ||     1
  Use: Potion            |     1 |       |       |     3 |     9 |       ||    13
       Scroll            |       |     1 |       |       |       |       ||     1
 Stab: Confused          |       |     1 |       |     1 |     1 |       ||     3
       Distracted        |       |       |       |     3 |     3 |       ||     6
